 Dungeon Crawl Stone Soup version 0.26-a0-83-g7ccd015ce0 (webtiles) character file.

Game seed: 9307372047764436610

58 bmfx the Gusty (level 4, 0/21 HPs)
             Began as a Vine Stalker Air Elementalist on June 16, 2020.
             Succumbed to an orc wizard's poison
             ... on level 2 of the Dungeon.
             The game lasted 00:05:35 (1679 turns).

bmfx the Gusty (Vine Stalker Air Elementalist)      Turns: 1679, Time: 00:05:36

Health: 0/21       AC:  6    Str: 11    XL:     4   Next: 2%
Magic:  2/9        EV: 10    Int: 16    God:
Gold:   164        SH:  0    Dex: 14    Spells: 8/9 levels left

rFire    . . .     SeeInvis .   t - +1 quarterstaff (speed)
rCold    . . .     Gourm    .   (shield currently unavailable)
rNeg     . . .     Faith    .   h - +0 ring mail
rPois    .         Spirit   +   j - +0 helmet
rElec    .         Reflect  .   (no cloak)
rCorr    .         Harm     .   (no gloves)
MR       .....                  (no boots)
Stlth    +.........             (no amulet)
HPRegen  0.47/turn              (no ring)
MPRegen  0.11/turn              (no ring)

@: mighty, lethally poisoned (0 -> -6), slowed, very slow
A: fangs 2, regeneration 1, magic shield, antimagic bite, no potion heal 3, rot
immunity
a: no special abilities


You were on level 2 of the Dungeon.
You were hungry.

You visited 1 branch of the dungeon, and saw 3 of its levels.

You collected 164 gold pieces.


Innate Abilities, Weirdness & Mutations

You have extremely sharp teeth.
Your natural rate of healing is unusually fast.
When hurt, damage is shared between your health and your magic reserves.
Your bite disrupts and absorbs the magic of your enemies.
Potions cannot restore your health.
You are immune to rotting.

Dungeon Overview and Level Annotations

Branches:
Dungeon (3/15)

Altars:
Elyvilon


   Skills:
 - Level 1.5 Dodging
 - Level 2.4 Stealth
 + Level 3.0 Spellcasting
 - Level 2.0 Conjurations
 + Level 3.8 Air Magic


You had 8 spell levels left.
You knew the following spells:

 Your Spells              Type           Power        Failure   Level  Hunger
A - Shock                 Conj/Air       ##..         14%         1    #......

Your spell library contained the following spells:

 Spells                   Type           Power        Failure   Level  Hunger
 Swiftness                Chrm/Air       #.......     30%         2    ##.....
 Static Discharge         Conj/Air       ##......     38%         3    ###....
 Airstrike                Air            ##........   67%         4    #####..
 Lightning Bolt           Conj/Air       ##........   98%         5    ######.

Action                   |  1- 3 |  4- 6 || total
-------------------------+-------+-------++-------
Melee: Quarterstaff      |     9 |       ||     9
       Bite              |     3 |       ||     3
 Cast: Shock             |    51 |       ||    51
  Use: Potion            |     1 |     1 ||     2
  Eat: Chunk             |     2 |       ||     2
Armor: Robe              |     7 |       ||     7
       Ring mail         |     3 |       ||     3
Dodge: Dodged            |    13 |       ||    13

Skill      XL: |  1  2  3 |
---------------+----------+-----
Spellcasting   | 3 |  3.0
Conjurations   | 2 |  2.0
Dodging        | |  1.5
Stealth        | |  2.4
Air Magic      | |  3.8

Inventory:

Hand Weapons
 e - a +1 short sword of protection
 t - a +1 quarterstaff of speed (weapon)
Missiles
 n - 2 throwing nets (quivered) {!f}
Armour
 a - a +0 robe
 h - a +0 ring mail (worn)
 j - a +0 helmet (worn)
Scrolls
 f - a scroll of enchant weapon {unknown}
 i - 2 scrolls of magic mapping {unknown}
 k - a scroll of amnesia {unknown}
 l - a scroll of blinking {unknown}
 m - a scroll of identify {unknown}
 o - a scroll of immolation {unknown}
 p - 2 scrolls of teleportation {unknown}
 q - a scroll of fear {unknown}
 r - a scroll of remove curse {unknown}
Potions
 b - 2 potions of heal wounds
 g - a potion of flight {unknown}
 s - a potion of mutation {unknown}
Comestibles
 c - 8 rations

#>...(...................
#.##.#.#........(.....###
#........................
####.#.#####.##..........
#.#.#.# #.##..........
#.#.#.###.##.##.......
#.#.#<....##.###......
#.#.########.# #......
#.#.[@)......# #......
###########.############
#...... #......[.[..#
#...... #.###########
#.....† ##.#### #######
......# # ......#
......###### ########
...........# #......#


There were no monsters in sight!

Vanquished Creatures
  An orc wizard (D:2)
  A dart slug (D:2)
  2 giant cockroaches
  4 hobgoblins (D:1)
  3 jackals (D:2)
  4 kobolds
  A ball python (D:1)
  4 bats (D:1)
  2 frilled lizards (D:1)
  2 goblins
  2 rats
26 creatures vanquished.

Levels and vault maps discovered:
D:1:      lemuel_arrival_funnel, layout_basic
D:2:      layout_basic, first_ration, lemuel_statue_altar
D:3:      layout_basic, overflow_temple_1_default, minitemple


Message History

The orc wizard is severely wounded.
* * * LOW HITPOINT WARNING * * *
You feel sick.
The orc wizard hits you with a +2 dagger of venom.
You are more poisoned.
The orc wizard hits you but does no damage.
You are more poisoned.
You thump the orc wizard!
You kill the orc wizard!
Training target 2.0 for Conjurations reached!
Your Spellcasting skill increases to level 3!
Your Conjurations skill increases to level 2!
You have reached level 4!
You feel stronger.
You begin to heal more quickly.
* * * LOW HITPOINT WARNING * * *
You feel sick.
It was a potion of might.
You feel very mighty all of a sudden.
You die...

Notes
Turn   | Place    | Note
-------+----------+-------------------------------------------
     0 | D:1      | bmfx the Vine Stalker Air Elementalist began the quest for
                  | the Orb.
     0 | D:1      | Reached XP level 1. HP: 9/9 MP: 4/4
   254 | D:1      | Reached XP level 2. HP: 13/13 MP: 4/6
   936 | D:2      | Found a white marble altar of Elyvilon.
  1144 | D:2      | Reached XP level 3. HP: 16/16 MP: 2/8
  1678 | D:2      | Gained mutation: Your natural rate of healing is unusually
                  | fast. [Vine Stalker growth]
  1678 | D:2      | Reached XP level 4. HP: 3/21 MP: 2/9
  1678 | D:2      | HP: 1/21 [poisoned by an orc wizard]
  1679 | D:2      | Succumbed to an orc wizard's poison
